 Dungeon Crawl Stone Soup version 0.31-a0-221-gbddc013574 (webtiles) character file.

Game seed: 16481479328805907097

49 qw the Shooter (level 3, 0/21 HPs)
             Began as a Gargoyle Hexslinger on July 3, 2023.
             Slain by a goblin
             ... wielding a +0 club
             ... led by Robin
              (4 damage)
             ... on level 2 of the Dungeon.
             The game lasted 00:00:27 (941 turns).

qw the Shooter (Gargoyle Hexslinger)                 Turns: 941, Time: 00:00:28

Health: 0/21       AC:  6    Str: 11    XL:     3   Next: 77%
Magic:  4/4        EV: 11    Int: 13    God:
Gold:   115        SH:  0    Dex: 14    Spells: 3/4 levels left

rFire   . . .        Y - +1 sling
rCold   . . .        (no shield)
rNeg    + . .        d - +0 leather armour
rPois   inf          (no helmet)
rElec   +            (no cloak)
rCorr   .            (no gloves)
SInv    .            (no boots)
Will    .....        (no amulet)
Stlth   +            (no ring)
HPRegen 0.23/turn    (no ring)
MPRegen 0.09/turn

%: no passive effects
@: no status effects
A: sickness immunity, AC +3, negative energy resistance 1, electricity
resistance, torment resistance 1, petrification resistance
a: no special abilities


You were on level 2 of the Dungeon.
You visited 1 branch of the dungeon, and saw 2 of its levels.

You collected 115 gold pieces.


Innate Abilities, Weirdness & Mutations

You are immune to sickness and miasma.
Your stone body is resilient. (AC +3)
You are immune to poison.
You resist negative energy. (rN+)
You are resistant to electric shocks. (rElec)
You are resistant to unholy torment.
You are immune to petrification.


   Skills:
 - Level 2.0 Fighting
 + Level 3.6 Ranged Weapons
 - Level 1.5 Dodging
 - Level 1.0 Spellcasting
 - Level 2.6 Hexes


You had 3 spell levels left.
You knew the following spells:

 Your Spells              Type           Power      Damage    Failure   Level
a - Slow                  Hex            28%        N/A       12%         1

Your spell library contained the following spells:

 Spells                   Type           Power      Damage    Failure   Level
 Inner Flame              Hex/Fire       4%         N/A       54%         3
 Portal Projectile        Hex/Tloc       8%         N/A       54%         3
 Cause Fear               Hex            3%         N/A       77%         4

Inventory:

Hand Weapons
 Y - a +1 sling (weapon)
Armour
 d - a +0 leather armour (worn)
Scrolls
 a - a scroll of identify
 b - a scroll of enchant weapon {unknown}

Dungeon Overview and Level Annotations

Branches:
Dungeon (2/15)

Altars:

Annotations:
D:2 Robin


Message History

The sling bullet hits the goblin but does no damage.
The goblin is severely wounded.
The goblin hits you with a +0 dagger. x2; The goblin closely misses you.
The goblin hits you but does no damage.
You shoot a sling bullet. The sling bullet hits the goblin.
You kill the goblin!
The goblin closely misses you.
You shoot a sling bullet. The sling bullet hits Robin.
Robin is lightly wounded.
You hear a shout!
A goblin comes into view. It is wielding a +0 club.
Robin completely misses you. The goblin hits you but does no damage.
You shoot a sling bullet. The sling bullet barely misses Robin.
The sling bullet hits the hobgoblin.
The hobgoblin is almost dead.
Robin hits you with a +0 club. The goblin hits you with a +0 dagger.
You shoot a sling bullet. The sling bullet barely misses Robin.
The sling bullet hits the hobgoblin!
You kill the hobgoblin!
Robin hits you but does no damage. The goblin hits you with a +0 dagger.
You shoot a sling bullet. The sling bullet closely misses Robin.
The sling bullet misses the goblin.
Robin hits you but does no damage. The goblin hits you but does no damage.
Robin throws the goblin at you! The goblin hits you but does no damage.
The goblin barely misses you.
You shoot a sling bullet. The sling bullet hits Robin.
Robin is moderately wounded.
The goblin misses you. The goblin hits you but does no damage.
You shoot a sling bullet.
The sling bullet hits Robin but does no damage.
Robin is moderately wounded.
The goblin hits you with a +0 club. The goblin barely misses you.
You shoot a sling bullet. The sling bullet barely misses Robin.
The sling bullet hits the hobgoblin.
The hobgoblin is lightly wounded.
The goblin no longer looks unusually strong.
The goblin closely misses you. Robin hits you with a +0 club.
The goblin completely misses you. Robin hits you but does no damage.
The goblin misses you. The goblin hits you with a +0 club.
You die...

# #..#### #.##
## ##.# #> #..#
#. ##.## #.
###..# #.###.
###...##
##...gg###...###
.....gg@g..###
....######## .


You could see Robin, a hobgoblin (strong) and 3 goblins.

Vanquished Creatures
  A worm (D:2)
  A dart slug (D:2)
  5 endoplasms
  A giant cockroach (D:2)
  8 hobgoblins
  3 kobolds (D:1)
  4 quokkas
  A ball python (D:1)
  4 bats
  4 frilled lizards
  5 goblins
  A rat (D:1)
38 creatures vanquished.

Notes
Turn   | Place    | Note
-------+----------+-------------------------------------------
     0 | D:1      | qw the Gargoyle Hexslinger began the quest for the Orb.
     0 | D:1      | Reached XP level 1. HP: 12/12 MP: 2/2
     0 | D:1      | 0 ||| qw: Version: 0.3-a-40-ge99b1a8
     0 | D:1      | 0 ||| qw: Game counter: 618
     0 | D:1      | 0 ||| qw: Melee chars always use a shield: true
     0 | D:1      | 0 ||| qw: God list: Okawaru
     0 | D:1      | 0 ||| qw: Allow faded altars: false
     0 | D:1      | 0 ||| qw: Do Orc after clearing Dungeon:15 true
     0 | D:1      | 0 ||| qw: Do second Lair branch before Depths: true
     0 | D:1      | 0 ||| qw: Lair rune preference: random
     0 | D:1      | 0 ||| qw: Goals: Normal
     0 | D:1      | 0 ||| PLANNING D:1-11
    51 | D:1      | You fall into a shaft and drop 1 floor!
    56 | D:2      | Reached XP level 2. HP: 16/16 MP: 3/3
    78 | D:2      | Reached skill level 3 in Ranged Weapons
   125 | D:2      | 125 ||| UPGRADING to +0 leather armour.
   135 | D:2      | 135 ||| DROPPING +0 robe.
   136 | D:2      | 136 ||| DROPPING scroll of poison.
   286 | D:1      | Reached XP level 3. HP: 21/21 MP: 4/4
   751 | D:1      | 751 ||| READING 2 scrolls labelled HORGHI YDUZ.
   926 | D:2      | Noticed Robin
   941 | D:2      | HP: 4/21 [Robin/+0 club (2)]
   941 | D:2      | Slain by a goblin

Levels and vault maps discovered:
D:1:      minmay_arrival_open_corners, layout_loops_ring, serial_bayou_lagoon_a,
          wander_ebering_terrifying_dragon_lair
D:2:      layout_rooms, uniq_crazy_yiuf_cottage, uniq_robin

Skill      XL: |  1  2  3 |
---------------+----------+-----
Ranged Weapons | 3 |  3.6
Fighting       | 2 |  2.0
Dodging        | |  1.5
Spellcasting   | |  1.0
Hexes          | |  2.6

Action                     || total
---------------------------++-------
   Fire: Sling             ||   124
    Use: Scroll            ||     1
 Armour: Robe              ||     4
         Leather armour    ||    26
  Dodge: Dodged            ||    30

Table legend:
 A = Non-vault XP
 B = Vault XP
 C = Vault XP percentage of total XP
 D = Non-vault monster count
 E = Vault monster count
 F = Vault count percentage of total count
                 A         B        C        D         E       F
            +---------+---------+-------+---------+---------+-------
      Total |      62 |       9 |  12.7 |      33 |       5 |  13.2
            +---------+---------+-------+---------+---------+-------
        D:1 |      29 |       1 |   3.3 |      17 |       1 |   5.6
        D:2 |      33 |       8 |  19.5 |      16 |       4 |  20.0
            +---------+---------+-------+---------+---------+-------
